 Dungeon Crawl Stone Soup version 0.21-a0-471-gd587bd5 (webtiles) character file.

1 theanonym the Vexing (level 1, 0/7 HPs)
             Began as a Felid Enchanter on Nov 22, 2017.
             Slain by a leopard gecko (3 damage)
             ... on level 1 of the Dungeon.
             The game lasted 00:00:12 (134 turns).

theanonym the Vexing (Felid Enchanter)               Turns: 134, Time: 00:00:14

Health: 0/7        AC:  1    Str:  4    XL:     1   Next: 16%
Magic:  3/4        EV: 18    Int: 16    God:
Gold:   6          SH:  0    Dex: 16    Spells: 3/4 levels left
                                        Lives:  0   Deaths: 0

rFire    . . .     SeeInvis +     - Unarmed
rCold    . . .     Gourm    .   (shield unavailable)
rNeg     . . .     Faith    .   (armour unavailable)
rPois    .         Spirit   .   (helmet unavailable)
rElec    .         Reflect  .   (cloak unavailable)
rCorr    .         Harm     .   (gloves unavailable)
MR       .....                  (boots unavailable)
Stlth    +++.......             (no amulet)
HPRegen  0.02/turn              (no ring)
MPRegen  0.09/turn              (no ring)

@: quick
A: no armour, no weapons or thrown items, stealth, claws 1, fangs 3, see
invisible, carnivore 3, speed 1, shaggy fur 1, slow metabolism 1, sharp paws
a: no special abilities


Innate Abilities, Weirdness & Mutations

You cannot wear armour.
You are incapable of wielding weapons or throwing items.
Your paws allow you to move quietly. (Stealth)
You have sharp claws.
You have razor-sharp teeth.
You have supernaturally acute eyesight. (SInv)
You are carnivorous and can eat meat at any time.
You cover ground quickly.
You are covered in fur. (AC +1)
You have a slow metabolism.
Your sharp claws are effective at attacking unaware monsters.


   Skills:
 - Level 2.6 Dodging
 + Level 4.1 Stealth
 - Level 1.0 Unarmed Combat
 + Level 2.0 Spellcasting
 - Level 4.4 Hexes


You had 3 spell levels left.
You knew the following spells:

 Your Spells              Type           Power        Failure   Level  Hunger
a - Corona                Hex            ###....      3%          1    #......

Action                   || total
-------------------------++-------
Melee: Unarmed           ||     7
 Cast: Corona            ||     1
  Eat: Chunk             ||     2
Dodge: Dodged            ||     7

Inventory:

Potions
 c - a potion of mutation {unknown}
Books
 a - a book of Maledictions

   Spells                             Type                      Level
   a - Corona                         Hexes                        1
   b - Ensorcelled Hibernation        Hexes/Ice                    2
   c - Confuse                        Hexes                        3
   d - Tukima's Dance                 Hexes                        3
   e - Dazzling Spray                 Conjuration/Hexes            3
Comestibles
 b - a meat ration

Dungeon Overview and Level Annotations

Branches:
Dungeon (1/15)

Altars:


You were on level 1 of the Dungeon.
You were full.

You visited 1 branch of the dungeon, and saw 1 of its levels.

You collected 6 gold pieces.


Message History

Welcome, theanonym the Felid Enchanter.
Will you be the one to retrieve the fabulous Orb of Zot from the depths?
Found 6 gold pieces.
Found an escape hatch in the floor.
Found a staircase leading out of the dungeon.
Unknown command.
Unknown command.
Unknown command.
A jackal comes into view.
A jackal is nearby!
A jackal is nearby!
A jackal is nearby!
A jackal is nearby!
The jackal barks!
The jackal bites you.
You take 2 damage, and have 5/7 hp.
MASSIVE DAMAGE!!
You scratch the jackal. The jackal closely misses you.
You scratch the jackal. The jackal barely misses you.
You scratch the jackal.
You kill the jackal!
No target in view!
No target in view!
No target in view!
You start resting.
Health restored: 7 You butcher the jackal corpse.
c - 2 chunks of flesh Eating one of 2 chunks of flesh.
You eat one of the 2 chunks of flesh.
This raw flesh tastes great.
Eating a chunk of flesh.
You eat the chunk of flesh.
This raw flesh tastes great.
You now have 6 gold pieces.
c - a viscous grey potion A leopard gecko and a goblin come into view.
There are monsters nearby!
There are monsters nearby!
There are monsters nearby!
The goblin shouts!
The leopard gecko hisses angrily.
The leopard gecko closely misses you.
You scratch the leopard gecko but do no damage.
The leopard gecko bites you.
Ouch! That really hurt!
* * * LOW HITPOINT WARNING * * *
You take 4 damage, and have 3/7 hp.
MASSIVE DAMAGE!!
You are too injured to fight recklessly!
You are too injured to fight recklessly!
You are too injured to fight recklessly!
Aim: a leopard gecko (clinging, chance to defeat MR: 69%)
The leopard gecko is outlined in light.
The leopard gecko closely misses you.
You now have 3/4 mp.
You barely miss the leopard gecko. The leopard gecko barely misses you.
You scratch the leopard gecko.
The leopard gecko completely misses you.
The leopard gecko misses you.
You scratch the leopard gecko. The leopard gecko bites you.
You die...

### #.# #.# #g#
#l# #@# #.#
#.#############
#.............#
#############.####
#..... ##.#... .
...#... #.###..8.


You could see a leopard gecko and a goblin.

Notes
Turn   | Place    | Note
-------+----------+-------------------------------------------
     0 | D:1      | theanonym the Felid Enchanter began the quest for the Orb.
     0 | D:1      | Reached XP level 1. HP: 7/7 MP: 4/4
   130 | D:1      | HP: 3/7 [leopard gecko (4)]
   134 | D:1      | Slain by a leopard gecko

Vanquished Creatures
  A jackal (D:1)
1 creature vanquished.
